[Event "ICC tourney 2097 (40 10)"]
[Site "Internet Chess Club"]
[Date "2020.11.01"]
[Round "2"]
[White "awakeflood"]
[Black "WizardY"]
[Result "0-1"]
[ICCResult "White checkmated"]
[WhiteElo "1775"]
[BlackElo "1656"]
[Opening "Sicilian: dragon, Yugoslav attack, 10.O-O-O"]
[ECO "B78"]
[NIC "SI.18"]
[Time "13:17:03"]
[TimeControl "2400+10"]

1. e4 c5 2. Nf3 d6 3. d4 cxd4 4. Nxd4 Nf6 5. Nc3 g6 6. Be3 Bg7 7. Bc4 O-O 8.
f3 Nc6 9. Qd2 Bd7 10. O-O-O Rc8 11. Bb3 Nxd4 12. Bxd4 b5 13. h4 a5 14. h5 a4
15. Bxf6 Bxf6 16. hxg6 e6 17. e5 Bg7 18. Rxh7 fxg6 19. Rdh1 Bxe5 20. Ne4
axb3 21. Qh6 Rxc2+ 22. Kd1 Rxg2 23. Rh8+ Kf7 24. Ng5+ Rxg5 25. Rxf8+ Qxf8
26. Qxg5 bxa2 27. Ke2 Bxb2 28. Rh7+ Bg7 29. Qf4+ Kg8 30. Rh1 Qxf4 31. Kf2
a1=Q 32. Kg2 Qg5+ 33. Kf2 Bd4+ 34. Ke2 Qe3# {White checkmated} 0-1

[Event "ICC tourney 2097 (40 10)"]
[Site "Internet Chess Club"]
[Date "2020.11.01"]
[Round "2"]
[White "yogokings12"]
[Black "doudou2011"]
[Result "1/2-1/2"]
[ICCResult "Game drawn by mutual agreement"]
[WhiteElo "1659"]
[BlackElo "1420"]
[Opening "Sicilian: Nimzovich-Rossolimo attack (with ...g6, without ...d6)"]
[ECO "B31"]
[NIC "SI.31"]
[Time "13:17:14"]
[TimeControl "2400+10"]

1. e4 c5 2. Nf3 Nc6 3. Bb5 g6 4. Bxc6 dxc6 5. d3 Bg7 6. h3 Qc7 7. Nc3 Nf6 8.
Be3 b6 9. Qd2 Nd7 10. O-O O-O 11. Bh6 Ne5 12. Nxe5 Qxe5 13. Bxg7 Kxg7 14. f4
Qd4+ 15. Qf2 Qxf2+ 16. Rxf2 e6 17. e5 f5 18. Rd1 Ba6 19. Rfd2 Rad8 20. d4 c4
21. Ne2 Rd7 22. c3 Rfd8 23. Kf2 Kf7 24. Ke3 Bb5 25. Nc1 Rd5 26. b3 a5 27.
Ne2 a4 28. b4 a3 29. Ng1 Ba4 30. Ra1 c5 31. Nf3 h6 32. Rb1 cxb4 33. Rxb4 b5
34. Re2 Ra8 35. Kd2 Bb3 36. Kc1 Ba4 37. Rd2 Bb3 38. Kb1 Ba4 39. Ka1
{Game drawn by mutual agreement}
1/2-1/2

[Event "ICC tourney 2097 (40 10)"]
[Site "Internet Chess Club"]
[Date "2020.11.01"]
[Round "2"]
[White "Joshua1"]
[Black "Kinawa"]
[Result "1-0"]
[ICCResult "Black resigns"]
[WhiteElo "1866"]
[BlackElo "1532"]
[Opening "Budapest: Rubinstein variation"]
[ECO "A52"]
[NIC "QG.01"]
[Time "13:16:25"]
[TimeControl "2400+10"]

1. d4 Nf6 2. c4 e5 3. dxe5 Ng4 4. Bf4 Nc6 5. Nf3 Bb4+ 6. Nbd2 Qe7 7. a3
Bxd2+ 8. Qxd2 Ngxe5 9. Nxe5 Nxe5 10. Bxe5 Qxe5 11. O-O-O d6 12. e3 Be6 13.
Qd4 Qxd4 14. exd4 O-O-O 15. Bd3 Rhe8 16. Rhe1 h6 17. Re3 Bd7 18. Rde1 Rxe3
19. Rxe3 Re8 20. Kd2 Kd8 21. b4 c6 22. c5 Rxe3 23. Kxe3 Ke7 24. h4 dxc5 25.
dxc5 Kf6 26. Kd4 g5 27. hxg5+ hxg5 28. g3 Be6 29. b5 Bd5 30. b6 a5 31. Ba6
Ke7 32. Bxb7 Kd7 33. Ba6 g4 34. Ke5 Be6 35. Kf4 Kd8 36. Be2 f5 37. Bd3
{Black resigns}
1-0

[Event "ICC tourney 2097 (40 10)"]
[Site "Internet Chess Club"]
[Date "2020.11.01"]
[Round "2"]
[White "crazyhorse9"]
[Black "chesslin"]
[Result "0-1"]
[ICCResult "White resigns"]
[WhiteElo "1434"]
[BlackElo "1835"]
[Opening "Robatsch (modern) defense"]
[ECO "B06"]
[NIC "KF.06"]
[Time "13:17:14"]
[TimeControl "2400+10"]

1. e4 g6 2. g3 Bg7 3. Bg2 d6 4. d3 Nf6 5. Ne2 Nbd7 6. O-O Rb8 7. a4 c5 8.
Nbc3 b6 9. f3 a6 10. f4 Bb7 11. d4 cxd4 12. Nxd4 O-O 13. f5 Rc8 14. Kh1 Rxc3
15. bxc3 Qa8 16. fxg6 hxg6 17. Bb2 Nxe4 18. Qe2 e5 19. Nb3 f5 20. Nd2 Ndc5
21. Nc4 f4 22. g4 Qd8 23. a5 b5 24. Nb6 Qh4 25. Kg1 Rf7 26. c4 bxc4 27. Nxc4
Bf6 28. Rad1 Rh7 29. h3 Ng3 30. Qf2 Nce4 {White resigns} 0-1

[Event "ICC tourney 2097 (40 10)"]
[Site "Internet Chess Club"]
[Date "2020.11.01"]
[Round "2"]
[White "Niteshc"]
[Black "happyscientist"]
[Result "0-1"]
[ICCResult "White checkmated"]
[WhiteElo "1619"]
[BlackElo "1747"]
[Opening "Giuoco Piano"]
[ECO "C54"]
[NIC "IG.02"]
[Time "13:17:14"]
[TimeControl "2400+10"]

1. e4 e5 2. Nf3 Nc6 3. Bc4 Bc5 4. c3 Nf6 5. d3 d6 6. h3 O-O 7. O-O h6 8. a4
a5 9. Be3 Bxe3 10. fxe3 Be6 11. Nbd2 Qd7 12. Bxe6 Qxe6 13. d4 exd4 14. exd4
Nxe4 15. Re1 d5 16. Nxe4 dxe4 17. d5 Qg6 18. Nh4 Qg5 19. Rxe4 Rad8 20. c4 f5
21. Nf3 Qf6 22. Re2 Nb4 23. Qb3 Qb6+ 24. Kh1 Nxd5 25. Qa2 Qa6 26. Rae1 Nb4
27. Qa1 Qxc4 28. Ne5 Qc5 29. Ng6 Rf6 30. Ne7+ Kh8 31. Qb1 Nd3 32. Rd1 Rfd6
33. Rf1 f4 34. Rc2 Qg5 35. Rxc7 Nf2+ 36. Kh2 Qg3+ 37. Kg1 Nxh3+ 38. Kh1 Nf2+
39. Kg1 Ng4 40. Rfc1 Qh2+ 41. Kf1 Ne3+ 42. Kf2 Qxg2+ 43. Ke1 Qd2#
{White checkmated}
0-1

[Event "ICC tourney 2097 (40 10)"]
[Site "Internet Chess Club"]
[Date "2020.11.01"]
[Round "2"]
[White "SoaringHawk24"]
[Black "aakashjr"]
[Result "1/2-1/2"]
[ICCResult "Game drawn by mutual agreement"]
[WhiteElo "1367"]
[BlackElo "1587"]
[Opening "Scandinavian defense"]
[ECO "B01"]
[NIC "SD.03"]
[Time "13:16:39"]
[TimeControl "2400+10"]

1. e4 d5 2. exd5 Nf6 3. Nc3 Nxd5 4. Nxd5 Qxd5 5. Nf3 Bf5 6. d3 Nc6 7. Be2
O-O-O 8. O-O e5 9. Be3 f6 10. Nd2 Kb8 11. Bf3 Qd7 12. Nc4 g5 13. g4 Be6 14.
a4 h5 15. gxh5 g4 16. Bxc6 Qxc6 17. f3 Bxc4 18. fxg4 Bd5 19. Qe2 Bc5 20.
Bxc5 Qxc5+ 21. Qf2 Qc6 22. c4 Bh1 23. Rad1 Rd4 24. h3 Rg8 25. Qg3 Rf4 26.
Kh2 Bf3 27. Rd2 f5 28. g5 Bxh5 29. Rxf4 exf4 30. Qxf4 Qd6 31. Qxd6 cxd6 32.
h4 Kc7 33. Rf2 Bg4 34. Kg3 Kc6 35. Kf4 Kc5 36. Rh2 Rh8 37. g6 Kd4 38. Kg5
Ke5 39. g7 Rg8 40. Kg6 Bh5+ 41. Kxh5 Rxg7 42. Kh6 Rg3 43. h5 Kd4 44. Rf2 Ke5
45. Re2+ Kf6 46. Re8 Kf7 47. Rb8 b6 48. Rb7+ Kf6 49. Rd7 Ke6 50. Rg7 f4 51.
Kh7 Rxg7+ 52. Kxg7 f3 53. h6 f2 54. h7 f1=Q 55. h8=Q Qf6+ 56. Kh7 Qh4+ 57.
Kg8 {Game drawn by mutual agreement} 1/2-1/2

[Event "ICC tourney 2097 (40 10)"]
[Site "Internet Chess Club"]
[Date "2020.11.01"]
[Round "2"]
[White "keb2020"]
[Black "Threehundreds"]
[Result "1-0"]
[ICCResult "Black resigns"]
[WhiteElo "1830"]
[BlackElo "1461"]
[Opening "Van't Kruijs opening"]
[ECO "A00"]
[Time "13:16:37"]
[TimeControl "2400+10"]

1. e3 Nf6 2. b3 g6 3. Bb2 Bg7 4. c4 O-O 5. Nf3 d5 6. cxd5 Qxd5 7. Bc4 Qd8 8.
O-O Nc6 9. d4 e6 10. Re1 a6 11. e4 b5 12. Bd3 Bb7 13. Nbd2 Re8 14. Rc1 Rc8
15. h3 Nb4 16. Bb1 Nc6 17. e5 Nd5 18. Ne4 Bh6 19. Rc2 Bg7 20. Nc5 Ba8 21.
Nxa6 Ncb4 22. Nxb4 Nxb4 23. Rc5 Qd7 24. a3 Nd5 25. Qe2 Rb8 26. Rec1 Rec8 27.
Nd2 Bf8 28. R5c2 Bg7 29. Ne4 Nf4 30. Qf3 Bxe4 31. Qxe4 Nd5 32. b4 Bh6 33.
Rd1 c6 34. g3 Ra8 35. Qh4 Bg7 36. g4 Ra6 37. Qg3 Qe7 38. f4 Qd7 39. h4 Bh6
40. Bc1 Bg7 41. Ba2 Raa8 42. h5 Rf8 43. Rh2 Rfe8 44. Qh3 Re7 45. hxg6 hxg6
46. Qh7+ Kf8 47. f5 exf5 48. Bh6 f6 49. Bxg7+ Rxg7 50. Qh8+ Rg8 51. Qh6+ Qg7
52. Qc1 Qd7 53. Qc5+ Kf7 54. Re1 Rxa3 55. e6+ {Black resigns} 1-0

[Event "ICC tourney 2097 (40 10)"]
[Site "Internet Chess Club"]
[Date "2020.11.01"]
[Round "2"]
[White "USChessNinja"]
[Black "Michaelpu"]
[Result "1-0"]
[ICCResult "Black resigns"]
[WhiteElo "1655"]
[BlackElo "1646"]
[Opening "Sicilian: dragon, Yugoslav attack"]
[ECO "B75"]
[NIC "SI.17"]
[Time "13:16:22"]
[TimeControl "2400+10"]

1. e4 c5 2. Nf3 d6 3. d4 cxd4 4. Nxd4 Nf6 5. Nc3 g6 6. Be3 Bg7 7. f3 a6 8.
Qd2 h5 9. O-O-O b5 10. Kb1 Bb7 11. a3 Nbd7 12. h3 Rc8 13. Be2 Ne5 14. Rhg1
Nc4 15. Bxc4 Rxc4 16. Nb3 Nd7 17. Bd4 Bxd4 18. Nxd4 Qb6 19. Rge1 b4 20. Na4
Qa5 21. b3 Rc8 22. axb4 Qc7 23. Nb2 Nb6 24. f4 Nd7 25. e5 dxe5 26. fxe5 Nxe5
27. Qe3 Nc6 28. Nxc6 Bxc6 29. Rd2 e6 30. g4 Rd8 31. Rxd8+ Qxd8 32. Qc3 Kd7
33. Rd1+ Bd5 34. Nd3 g5 35. Ne5+ Ke8 36. Nc6 Qc7 37. Qxh8+ Kd7 38. Nb8+ Ke7
39. gxh5 Qd6 40. h6 Qxb4 41. Nc6+ {Black resigns} 1-0

[Event "ICC tourney 2097 (40 10)"]
[Site "Internet Chess Club"]
[Date "2020.11.01"]
[Round "2"]
[White "wahoo"]
[Black "loveEdinburgh"]
[Result "1-0"]
[ICCResult "Black forfeits on time"]
[WhiteElo "1661"]
[BlackElo "1828"]
[Opening "Sicilian: Hungarian variation"]
[ECO "B27"]
[NIC "SI.43"]
[Time "13:16:21"]
[TimeControl "2400+10"]

1. e4 c5 2. Nf3 g6 3. c3 Bg7 4. d4 cxd4 5. cxd4 d5 6. e5 Bg4 7. Nc3 e6 8.
Be2 a6 9. h3 Bxf3 10. Bxf3 Nc6 11. Be3 Nge7 12. Bg5 Qb6 13. Bxe7 Nxe7 14.
Qd2 Nf5 15. Ne2 O-O 16. O-O Rac8 17. b3 Bh6 18. Qd3 Rc6 19. Bg4 Ne7 20. f4
Rfc8 21. Rac1 Rxc1 22. Nxc1 Bxf4 23. Rxf4 Rxc1+ 24. Kh2 Qc6 25. Qf3 Nf5 26.
Bxf5 exf5 27. Qg3 Qe6 28. Qg5 Rc8 29. Qh6 Rc2 30. Rh4 Rc8 31. Qxh7+ Kf8 32.
Qh6+ Ke7 33. Qd2 Qb6 34. Rh7 Rf8 35. Qc3 Kd7 36. b4 Qc6 37. Qb3 Ke6 38. Qa3
Qb5 39. Qc3 Qc4 40. Qe3 Qxb4 41. Qg5 Qe7 42. Qc1 Rd8 43. Qc3 Re8 44. a3 Rd8
45. g4 fxg4 46. hxg4 Qg5 47. Qf3 {Black forfeits on time} 1-0

[Event "ICC tourney 2097 (40 10)"]
[Site "Internet Chess Club"]
[Date "2020.11.01"]
[Round "3"]
[White "happyscientist"]
[Black "wahoo"]
[Result "0-1"]
[ICCResult "White resigns"]
[WhiteElo "1716"]
[BlackElo "1656"]
[Opening "Scandinavian (center counter) defense"]
[ECO "B01"]
[NIC "SD.01"]
[Time "15:31:18"]
[TimeControl "2400+10"]

1. e4 d5 2. exd5 Qxd5 3. Nc3 Qa5 4. Nf3 Bg4 5. Bc4 e6 6. h3 Bh5 7. O-O Nf6
8. d3 c6 9. Be3 Be7 10. a3 Nbd7 11. Qd2 Bxf3 12. gxf3 Qh5 13. Kh2 Qxf3 14.
Rg1 Bd6+ 15. Rg3 Bxg3+ 16. fxg3 Ne5 17. Bb3 Neg4+ 18. hxg4 Nxg4+ {White
resigns} 0-1

[Event "ICC tourney 2097 (40 10)"]
[Site "Internet Chess Club"]
[Date "2020.11.01"]
[Round "3"]
[White "MadiChesskid"]
[Black "yogokings12"]
[Result "1-0"]
[ICCResult "Black resigns"]
[WhiteElo "1375"]
[BlackElo "1641"]
[Opening "Neo-Grünfeld defense"]
[ECO "D70"]
[NIC "QP.09"]
[Time "15:31:45"]
[TimeControl "2400+10"]

1. Nf3 d5 2. d4 Nf6 3. c4 g6 4. cxd5 Nxd5 5. e4 Nb6 6. Nc3 Bg7 7. Bf4 O-O 8.
Be2 N8d7 9. O-O c5 10. d5 Nf6 11. Qd2 Bg4 12. Rad1 Qd7 13. e5 Nh5 14. Bh6
Rfd8 15. Bxg7 Nxg7 16. Bb5 Qc7 17. d6 exd6 18. exd6 Qb8 19. Ne4 a6 20. Nf6+
Kh8 21. Nxg4 axb5 22. Nfe5 Nc4 23. Nxf7+ Kg8 24. Ngh6+ Kf8 25. Qf4
{Black resigns}
1-0

[Event "ICC tourney 2097 (40 10)"]
[Site "Internet Chess Club"]
[Date "2020.11.01"]
[Round "3"]
[White "Hrushichess"]
[Black "ChessStar22"]
[Result "1/2-1/2"]
[ICCResult "Game drawn by repetition"]
[WhiteElo "1644"]
[BlackElo "1443"]
[Opening "Caro-Kann: Tartakower (fantasy) variation"]
[ECO "B12"]
[NIC "CK.02"]
[Time "15:31:38"]
[TimeControl "2400+10"]

1. e4 c6 2. d4 d5 3. f3 dxe4 4. fxe4 Nf6 5. Nc3 Bg4 6. Nf3 e6 7. Be2 Be7 8.
O-O O-O 9. Ne5 Bxe2 10. Nxe2 Nxe4 11. Nf4 Bf6 12. Qf3 Qxd4+ 13. Kh1 Bxe5 14.
Nxe6 Nf6 15. Nxd4 Bxd4 16. c3 Be5 17. Bg5 Nbd7 18. Rae1 Bd6 19. Rd1 Bc5 20.
Bxf6 Nxf6 21. b4 Bb6 22. Qg3 Ne4 23. Qf3 Nf6 24. a4 a5 25. b5 cxb5 26. axb5
Ra7 27. c4 a4 28. Qg3 a3 29. Ra1 Ne4 30. Qh4 f5 31. Qe7 Nf2+ 32. Rxf2 Bxf2
33. Rxa3 Rxa3 34. Qxa3 Re8 35. g3 b6 36. Kg2 Bc5 37. Qf3 g6 38. Qd5+ Kf8 39.
Qd7 Re7 40. Qd8+ Kg7 41. h3 Re2+ 42. Kf1 Re4 43. g4 fxg4 44. hxg4 Rxc4 45.
Qd7+ Kh6 46. g5+ Kh5 47. Qxh7+ Kxg5 48. Ke2 Re4+ 49. Kd3 Rd4+ 50. Kc3 Rf4
51. Qh3 Bd4+ 52. Kc4 Bc5+ 53. Kd5 Rf5+ 54. Kc6 Rf6+ 55. Kb7 Rf7+ 56. Ka6 Rf8
57. Qg3+ Kf5 58. Qf3+ Kg5 59. Qg3+ Kf5 60. Qh3+ Kf4 61. Qh4+ Kf5 62. Qh3+
Kf4 63. Qh4+ Kf5 64. Qh3+ Kf4 65. Qh4+ Kf5 66. Qh3+ Kf4 67. Qh4+ Kf5 68.
Qh3+ Kf4 69. Qh4+ Kf5 70. Qh3+ Kf4 71. Qh4+ Kf5 72. Qh3+ Kf4 73. Qh4+ Kf5
74. Qh3+ Kf4 75. Qh4+ Kf5 76. Qh3+ Kf4 77. Qh4+ Kf5 {Game drawn by
repetition} 1/2-1/2

[Event "ICC tourney 2097 (40 10)"]
[Site "Internet Chess Club"]
[Date "2020.11.01"]
[Round "3"]
[White "CoarseCrown"]
[Black "VirginiaGuy"]
[Result "1-0"]
[ICCResult "Black resigns"]
[WhiteElo "1747"]
[BlackElo "1395"]
[Opening "Queen's gambit declined"]
[ECO "D30"]
[NIC "QP.08"]
[Time "15:31:45"]
[TimeControl "2400+10"]

1. d4 d5 2. c4 e6 3. Nf3 Nf6 4. g3 c6 5. Bg2 Nbd7 6. O-O Be7 7. Qc2 Ne4 8.
Nbd2 Ndf6 9. Nxe4 Nxe4 10. Ne5 Nf6 11. c5 O-O 12. b4 Bd7 13. Bg5 h6 14. Bd2
Qc8 15. a4 Bd8 16. Qc1 Kh7 17. g4 Ng8 18. g5 hxg5 19. Bxg5 Bxg5 20. Qxg5 Nf6
21. Ra3 Kg8 22. Rg3 Ne8 23. Qe7 Nf6 24. Qxf6 {Black resigns} 1-0

[Event "ICC tourney 2097 (40 10)"]
[Site "Internet Chess Club"]
[Date "2020.11.01"]
[Round "3"]
[White "atevifred"]
[Black "SoaringHawk24"]
[Result "1-0"]
[ICCResult "Black checkmated"]
[WhiteElo "1890"]
[BlackElo "1356"]
[Opening "Pirc defense"]
[ECO "B07"]
[NIC "PU.07"]
[Time "15:31:43"]
[TimeControl "2400+10"]

1. d4 Nf6 2. Nc3 g6 3. e4 d6 4. Be2 Bg7 5. Be3 O-O 6. Qd2 e5 7. dxe5 dxe5 8.
O-O-O Qxd2+ 9. Rxd2 Nc6 10. h4 h5 11. Bb5 Be6 12. Bxc6 bxc6 13. f3 a6 14.
Nge2 Kh7 15. Rhd1 Bh6 16. Bxh6 Kxh6 17. Na4 Rfe8 18. Nc5 a5 19. b3 Reb8 20.
Nc3 Rg8 21. N3a4 Rge8 22. Nxe6 fxe6 23. Nc5 Rac8 24. a4 Nh7 25. Rd7 Nf8 26.
R7d2 Nh7 27. Nd3 g5 28. hxg5+ Kxg5 29. Nxe5 c5 30. g3 Kf6 31. f4 Rg8 32. Rd7
Rcf8 33. Rxh7 Rxg3 34. Rdd7 Rc3 35. Rh6# {Black checkmated} 1-0

[Event "ICC tourney 2097 (40 10)"]
[Site "Internet Chess Club"]
[Date "2020.11.01"]
[Round "3"]
[White "yanje03"]
[Black "ChessG2011"]
[Result "1-0"]
[ICCResult "Black checkmated"]
[WhiteElo "1482"]
[BlackElo "1195"]
[Opening "Ruy Lopez: 5.O-O"]
[ECO "C78"]
[NIC "RL.12"]
[Time "15:31:56"]
[TimeControl "2400+10"]

1. e4 e5 2. Nf3 Nc6 3. Bb5 a6 4. Ba4 Nf6 5. O-O b5 6. Bb3 Bc5 7. a4 Rb8 8.
c3 d6 9. d4 Bb6 10. h3 O-O 11. Be3 h6 12. axb5 axb5 13. Re1 Bd7 14. Nbd2 Na5
15. Bc2 Be6 16. d5 Bd7 17. Bd3 Nb7 18. b4 Bxe3 19. fxe3 Nh7 20. Qe2 Ng5 21.
Bxb5 Nxf3+ 22. Nxf3 Bxb5 23. Qxb5 Nc5 24. Qc4 Nd7 25. Ra7 Rc8 26. Rea1 Nb6
27. Qc6 Qe8 28. Rxc7 Qxc6 29. Rxc6 Rxc6 30. dxc6 Nc8 31. c4 Ne7 32. b5 Rb8
33. Ra7 Kf8 34. c7 Rc8 35. b6 Nc6 36. b7 Rxc7 37. b8=Q+ Nxb8 38. Rxc7 Na6
39. Rd7 Nc5 40. Rxd6 Nxe4 41. Rd7 f6 42. Nd2 Nc5 43. Rd5 Ne6 44. c5 Ke7 45.
c6 g6 46. Nc4 Ke8 47. Rd7 Nd8 48. Nd6+ Kf8 49. c7 Kg8 50. cxd8=Q#
{Black checkmated}
1-0

[Event "ICC tourney 2097 (40 10)"]
[Site "Internet Chess Club"]
[Date "2020.11.01"]
[Round "3"]
[White "mnm2"]
[Black "raremystery"]
[Result "0-1"]
[ICCResult "White resigns"]
[WhiteElo "1488"]
[BlackElo "1682"]
[Opening "Giuoco Piano"]
[ECO "C54"]
[NIC "IG.02"]
[Time "15:31:46"]
[TimeControl "2400+10"]

1. e4 e5 2. Nf3 Nc6 3. Bc4 Bc5 4. c3 Nf6 5. d4 exd4 6. e5 d5 7. Bb5 Ne4 8.
cxd4 Bb6 9. Nbd2 Bg4 10. Nb3 O-O 11. O-O f6 12. h3 Bh5 13. g4 Bg6 14. h4
fxe5 15. h5 Be8 16. dxe5 Nxe5 17. Nxe5 Bxb5 18. Nd3 Bxd3 19. Qxd3 Nxf2 20.
Rxf2 Bxf2+ 21. Kf1 Bb6+ 22. Ke1 Qe7+ 23. Kd1 Qd7 24. g5 Qg4+ 25. Qe2 Rf1+
26. Kd2 Rf2 {White resigns} 0-1

[Event "ICC tourney 2097 (40 10)"]
[Site "Internet Chess Club"]
[Date "2020.11.01"]
[Round "3"]
[White "aakashjr"]
[Black "awakeflood"]
[Result "1/2-1/2"]
[ICCResult "Black stalemated"]
[WhiteElo "1605"]
[BlackElo "1790"]
[Opening "French: Steinitz, Boleslavsky variation"]
[ECO "C11"]
[NIC "FR.04"]
[Time "15:31:30"]
[TimeControl "2400+10"]

1. e4 e6 2. d4 d5 3. Nc3 Nf6 4. e5 Nfd7 5. f4 c5 6. Be3 Nc6 7. Nf3 Qb6 8. a3
cxd4 9. Nxd4 Bc5 10. Na4 Qa5+ 11. c3 Nxd4 12. Bxd4 Bxd4 13. Qxd4 O-O 14. Qb4
Qxb4 15. cxb4 a6 16. Bd3 b5 17. Nc3 Nb6 18. O-O Nc4 19. Bxc4 dxc4 20. Ne4
Bb7 21. Nc5 Bd5 22. Rad1 Rfd8 23. Rf2 Kf8 24. Rfd2 Ke7 25. Kf2 a5 26. bxa5
Rdc8 27. Nb7 c3 28. bxc3 Rxc3 29. Nd6 Rxa5 30. Nf5+ Kf8 31. Ne3 Bc6 32. Nc2
g6 33. Ke1 Be4 34. Rd8+ Kg7 35. Nd4 Rd3 36. Rxd3 Bxd3 37. Nxe6+ fxe6 38.
Rxd3 Kh6 39. Kf2 g5 40. Rh3+ Kg6 41. Rg3 Kf5 42. fxg5 Kxe5 43. h4 Ra4 44. h5
Rf4+ 45. Kg1 Rh4 46. g6 hxg6 47. hxg6 Rh8 48. g7 Rg8 49. Kf2 Kf6 50. Ke3
Rxg7 51. Rxg7 Kxg7 52. Ke4 Kf6 53. g4 Kg5 54. Ke5 Kxg4 55. Kxe6 Kg5 56. Kd5
Kf6 57. Kc5 Ke7 58. Kxb5 Kd7 59. Kc5 Kc7 60. a4 Kb7 61. Kb5 Ka7 62. Ka5 Ka8
63. Ka6 Kb8 64. a5 Ka8 65. Kb6 Kb8 66. a6 Ka8 67. a7 {Black stalemated}
1/2-1/2

[Event "ICC tourney 2097 (40 10)"]
[Site "Internet Chess Club"]
[Date "2020.11.01"]
[Round "3"]
[White "WizardY"]
[Black "gmcarebear999"]
[Result "1/2-1/2"]
[ICCResult "Game drawn by mutual agreement"]
[WhiteElo "1638"]
[BlackElo "1738"]
[Opening "Sicilian: dragon, Yugoslav attack, 10.O-O-O"]
[ECO "B78"]
[NIC "SI.18"]
[Time "15:31:19"]
[TimeControl "2400+10"]

1. e4 c5 2. Nf3 d6 3. d4 cxd4 4. Nxd4 Nf6 5. Nc3 g6 6. Be3 Bg7 7. Bc4 O-O 8.
f3 Nc6 9. Qd2 Bd7 10. O-O-O Ne5 11. Bb3 Rc8 12. h4 h5 13. Bh6 Nc4 14. Bxc4
Rxc4 15. Bxg7 Kxg7 16. g4 hxg4 17. h5 Rh8 18. hxg6 fxg6 19. f4 e5 20. Nde2
Rxh1 21. Rxh1 Nxe4 22. Nxe4 Rxe4 23. fxe5 Rxe2 24. Qxe2 Qg5+ 25. Qd2 Qxd2+
26. Kxd2 dxe5 27. Ke3 Kf6 28. Kf2 e4 29. Kg3 Kf5 30. Re1 Ke5 31. a3 Bf5 32.
c3 Kd5 33. b3 b5 34. Kf4 a5 35. Rd1+ Kc6 36. b4 axb4 37. cxb4 Kc7 38. Rd5
Kc6 39. Rc5+ Kb6 40. Rc3 Kb7 41. Rc1 Kb6 42. Ra1 Kc6 43. Rd1 Kc7 44. Rc1+
Kb6 45. Rc5 Ka6 46. Rc6+ Kb7 47. Rc5 Kb6 48. Rc3 Kb7
{Game drawn by mutual agreement}
1/2-1/2

[Event "ICC tourney 2097 (40 10)"]
[Site "Internet Chess Club"]
[Date "2020.11.01"]
[Round "3"]
[White "chesslin"]
[Black "Deveshc"]
[Result "1-0"]
[ICCResult "Black checkmated"]
[WhiteElo "1836"]
[BlackElo "1476"]
[Opening "Queen's pawn, Mason variation"]
[ECO "D00"]
[NIC "QP.08"]
[Time "15:31:31"]
[TimeControl "2400+10"]

1. d4 d5 2. Bf4 Nf6 3. e3 e6 4. Nd2 Bd6 5. Bg3 b6 6. Bd3 Ba6 7. c4 O-O 8.
Ngf3 c5 9. Ne5 Nbd7 10. Nxf7 Rxf7 11. Bxd6 cxd4 12. exd4 Nf8 13. Bg3 Rd7 14.
Be5 Rc8 15. b3 Rf7 16. Rc1 N6d7 17. Nf3 dxc4 18. bxc4 Bb7 19. Be2 Bxf3 20.
Bxf3 Nxe5 21. dxe5 Qg5 22. O-O Qxe5 23. Re1 Qg5 24. Re3 Ng6 25. Bh5 Rf6 26.
Bxg6 Rxg6 27. Rg3 Qf6 28. Rxg6 Qxg6 29. h3 Qe8 30. Qb3 Qc6 31. Rc3 Qe4 32.
Qd1 Rxc4 33. Qd8+ Kf7 34. Rf3+ Kg6 35. Rg3+ Kf7 36. Qd7+ Kf8 37. Rf3+ Qf4
38. Qd8+ Kf7 39. Rxf4+ Rxf4 40. Qc7+ Kg6 41. Qxf4 h6 42. Qc7 Kh7 43. Qxa7
Kg6 44. Qxb6 Kh7 45. Qxe6 Kh8 46. a4 Kh7 47. a5 Kh8 48. a6 Kh7 49. a7 Kh8
50. Qg6 Kg8 51. a8=Q# {Black checkmated} 1-0

[Event "ICC tourney 2097 (40 10)"]
[Site "Internet Chess Club"]
[Date "2020.11.01"]
[Round "3"]
[White "Threehundreds"]
[Black "Kinawa"]
[Result "0-1"]
[ICCResult "White resigns"]
[WhiteElo "1452"]
[BlackElo "1555"]
[Opening "Caro-Kann: advance variation"]
[ECO "B12"]
[NIC "CK.04"]
[Time "15:31:41"]
[TimeControl "2400+10"]

1. e4 c6 2. d4 d5 3. e5 Bf5 4. Nf3 e6 5. Be2 c5 6. c3 Nc6 7. O-O Nge7 8.
Nbd2 Bg6 9. Re1 Nf5 10. Nb3 cxd4 11. cxd4 Be7 12. a3 O-O 13. Bf4 Rc8 14. Rc1
Qb6 15. h3 a5 16. Qd2 Qxb3 17. Rc3 Qb6 18. Rd1 a4 19. g4 Nh4 20. Nxh4 Bxh4
21. Qe3 Be7 22. b3 axb3 23. Rxb3 Qa7 24. Bd3 Na5 25. Rbb1 Nc4 26. Qf3 Qxa3
27. Rxb7 Nb2 28. Bc1 Rxc1 29. Rxc1 Qxd3 30. Qxd3 Nxd3 31. Ra1 Bh4 32. f3
Bf2+ 33. Kg2 Bxd4 34. Ra4 Bxe5 35. h4 Nc5 {White resigns} 0-1

[Event "ICC tourney 2097 (40 10)"]
[Site "Internet Chess Club"]
[Date "2020.11.01"]
[Round "3"]
[White "Michaelpu"]
[Black "Dhruti813kob36"]
[Result "0-1"]
[ICCResult "White resigns"]
[WhiteElo "1624"]
[BlackElo "1452"]
[Opening "Giuoco Piano: Möller (Therkatz) attack"]
[ECO "C54"]
[NIC "IG.02"]
[Time "15:31:20"]
[TimeControl "2400+10"]

1. e4 e5 2. Nf3 Nc6 3. Bc4 Bc5 4. c3 Nf6 5. d4 exd4 6. cxd4 Bb4+ 7. Nc3 Nxe4
8. O-O Bxc3 9. d5 Ne7 10. bxc3 O-O 11. Re1 Nf6 12. d6 Nf5 13. Ba3 Nxd6 14.
Bxd6 cxd6 15. Qxd6 b6 16. Ng5 Bb7 17. Nxf7 Rxf7 18. Re7 Nd5 19. Rxf7 Kxf7
20. Bxd5+ Bxd5 21. Qxd5+ Kf8 22. Rd1 Qe8 23. Qxd7 Qxd7 24. Rxd7 a5 25. Rb7
Rc8 26. Rxb6 Rxc3 27. Rb1 Rc2 28. Ra1 a4 29. a3 Kf7 30. g3 Kf6 31. Kg2 Rc3
32. Ra2 Kf5 33. f3 g5 34. h3 h5 35. g4+ hxg4 36. fxg4+ Ke4 37. Re2+ Kd4 38.
Rf2 Rxa3 39. Rf5 Re3 40. Rxg5 Re5 41. Rg6 Ra5 42. Rf6 a3 43. Rf1 a2 44. Ra1
Kc3 45. Kg3 Kb2 46. Rxa2+ Rxa2 47. Kh4 Kc3 48. g5 Kd4 49. Kh5 Ke5 50. h4 Kf5
51. Kh6 Rg2 52. Kh5 Rg3 53. Kh6 Rg1 54. Kh5 Rg4 55. g6 Rg1 56. Kh6 Rxg6+ 57.
Kh5 Rg8 {White resigns} 0-1

[Event "ICC tourney 2097 (40 10)"]
[Site "Internet Chess Club"]
[Date "2020.11.01"]
[Round "3"]
[White "USChessNinja"]
[Black "keb2020"]
[Result "0-1"]
[ICCResult "White forfeits on time"]
[WhiteElo "1509"]
[BlackElo "1830"]
[Opening "Pirc defense"]
[ECO "B07"]
[NIC "PU.07"]
[Time "15:31:32"]
[TimeControl "2400+10"]

1. e4 d6 2. d4 Nf6 3. Nc3 g6 4. Be3 Bg7 5. f3 c6 6. Qd2 b5 7. a3 h5 8. O-O-O
a5 9. Nce2 Nbd7 10. Nh3 Qb6 11. Kb1 b4 12. a4 Ba6 13. Nef4 Bxf1 14. Rhxf1
Qc7 15. Nd3 Rb8 16. b3 c5 17. dxc5 Nxc5 18. Nxc5 dxc5 19. Qd3 O-O 20. Qc4
Rbc8 21. f4 Ng4 22. Bg1 Kh8 23. Ng5 e6 24. g3 Qe7 25. Nf3 e5 26. f5 gxf5 27.
exf5 e4 28. Nh4 Qf6 29. c3 bxc3 30. Ka2 e3 31. Ng2 Ne5 32. Qe2 Nc6 33. Nxe3
Nb4+ {White forfeits on time} 0-1